 Dungeon Crawl Stone Soup version 0.27.1-3-gb3d3a73c9e (webtiles) character file.

Game seed: 820865345467618222

160 belegose the Skirmisher (level 5, -1/47 HPs)
             Began as a Hill Orc Fighter on Oct 9, 2021.
             Succumbed to a scorpion's poison
             ... on level 4 of the Dungeon.
             The game lasted 00:05:12 (3388 turns).

belegose the Skirmisher (Hill Orc Fighter)          Turns: 3388, Time: 00:05:13

Health: -1/47      AC: 10    Str: 20    XL:     5   Next: 41%
Magic:  5/5        EV:  5    Int:  8    God:
Gold:   108        SH:  9    Dex: 10    Spells: 4/4 levels left

rFire    . . .     SeeInvis .   a - +0 war axe
rCold    . . .     Faith    .   c - +0 kite shield
rNeg     . . .     Spirit   .   h - +0 chain mail
rPois    .         Reflect  .   t - +1 hat {Stlth+}
rElec    .         Harm     .   (no cloak)
rCorr    .         Rampage  .   (no gloves)
Will     .....                  (no boots)
Stlth    ..........             (no amulet)
HPRegen  0.15/turn              (no ring)
MPRegen  0.09/turn              (no ring)

@: lethally poisoned (-1 -> -9)
A: no striking features
a: no special abilities


You were on level 4 of the Dungeon.
You visited 1 branch of the dungeon, and saw 4 of its levels.

You collected 108 gold pieces.

Inventory:

Hand Weapons
 a - a +0 war axe (weapon)
Missiles
 g - 77 stones (quivered)
 j - 15 poisoned darts
Armour
 c - a +0 kite shield (worn)
 h - a +0 chain mail (worn)
 t - a +1 hat of stealth (worn)
Wands
 o - a wand of flame (16)
Scrolls
 b - 3 scrolls of teleportation {unknown}
 e - 2 scrolls of noise {unknown}
 k - a scroll of acquirement {unknown}
 l - a scroll of silence {unknown}
 m - a scroll of magic mapping {unknown}
 p - 2 scrolls of fog {unknown}
 r - a scroll of identify {unknown}
 s - a scroll of summoning {unknown}
Potions
 d - a potion of might
 f - a potion of curing {unknown}
 i - a potion of ambrosia {unknown}
 q - a potion of degeneration {unknown}


   Skills:
 + Level 4.6 Fighting
 + Level 4.3 Axes
 + Level 4.3 Armour
 + Level 4.2 Shields
 + Level 0.4 Evocations


You had 4 spell levels left.
You didn't know any spells.
Your spell library contained the following spells:

 Spells                   Type           Power      Damage    Failure   Level
 Tukima's Dance           Hex            0%         N/A       100%        3
 Passage of Golubria      Tloc           N/A        N/A       100%        4
 Yara's Violent Unravell  Hex/Tmut       0%         3d3       100%        5


Dungeon Overview and Level Annotations

Branches:
Dungeon (4/15)
 Temple: D:4-7

Altars:


Message History

The scorpion stings you but does no damage.
The scorpion stings you.
You are more poisoned.
The scorpion poisons you!
Unknown command.
You closely miss the scorpion.
The scorpion is severely wounded.
You feel very sick. You block the scorpion's attack.
Unknown command.
You closely miss the scorpion.
The scorpion is severely wounded.
You feel very sick. The scorpion stings you. You block the scorpion's attack.
Unknown command.
You barely miss the scorpion.
The scorpion is severely wounded.
You feel sick. You block the scorpion's attack.
The scorpion stings you but does no damage.
Unknown command.
You hit the scorpion but do no damage.
The scorpion is severely wounded.
You feel sick. The scorpion stings you. x2
* * * LOW HITPOINT WARNING * * *
You are lethally poisoned!
The scorpion poisons you!
Unknown command.
You barely miss the scorpion.
The scorpion is severely wounded.
* * * LOW HITPOINT WARNING * * *
You feel very sick.
The scorpion stings you but does no damage.
You barely miss the scorpion.
The scorpion is severely wounded.
* * * LOW HITPOINT WARNING * * *
You feel very sick.
The scorpion stings you but does no damage. x2
You hit the scorpion.
The scorpion is severely wounded.
You die...

####### #.....#
#.....########...
#........@s......
#.....######.....
#####....>## ...
#...<......# .
#.#####.#.##
#.#.# #.#.# ..#.#
###.#


You could see a scorpion.

Vanquished Creatures
  Jessica (D:2)
  3 adders
  3 gnolls
  2 worms
  3 dart slugs
  3 endoplasms
  5 giant cockroaches
  8 goblins
  7 hobgoblins
  2 jackals (D:2)
  A quokka (D:1)
  6 ball pythons
  5 bats
  7 frilled lizards
  6 kobolds
  8 rats
70 creatures vanquished.

Notes
Turn   | Place    | Note
-------+----------+-------------------------------------------
     0 | D:1      | belegose the Hill Orc Fighter began the quest for the Orb.
     0 | D:1      | Reached XP level 1. HP: 19/19 MP: 1/1
   241 | D:1      | Reached XP level 2. HP: 20/27 MP: 2/2
   547 | D:1      | Found a faded altar of an unknown god.
   894 | D:1      | Reached XP level 3. HP: 33/33 MP: 3/3
  1158 | D:2      | Noticed Jessica
  1336 | D:2      | Killed Jessica
  1337 | D:2      | Reached XP level 4. HP: 31/40 MP: 4/4
  2009 | D:2      | Reached XP level 5. HP: 41/47 MP: 5/5
  3387 | D:4      | HP: 2/47 [poisoned by a scorpion]
  3388 | D:4      | Succumbed to a scorpion's poison

Illustrated notes

Levels and vault maps discovered:
D:1:      lemuel_arrival_rhombus, layout_basic,
          shapermc_ecumenical_altar_totnotflames, minmay_pentomino_z2
D:2:      layout_loops_ring, grunt_ministairs_2, st_stairs_14, minmay_mini_jars,
          uniq_jessica
D:3:      layout_loops_corners, serial_park_tiny_pond
D:4:      layout_loops_ring

Skill      XL: |  1  2  3  4 |
---------------+-------------+-----
Axes           | 3 4 |  4.3
Fighting       | 4 |  4.6
Armour         | 4 |  4.3
Shields        | 4 |  4.2
Evocations     | |  0.4

Action                   |  1- 3 |  4- 6 || total
-------------------------+-------+-------++-------
Melee: War axe           |    91 |   132 ||   223
Armor: Scale mail        |    11 |       ||    11
       Chain mail        |    25 |    89 ||   114
Dodge: Dodged            |    30 |    35 ||    65
Block: Kite shield       |    51 |    64 ||   115
